| TOP OF THE 1ST |
|
Great Falls Voyagers batting - Pitching for Seattle (APP) Mariners : LHP Ramiro Aguilar
|
|
Pitching: LHP Ramiro Aguilar
|
|
|
Batting: RHB Josiah Wright
|
0-0: Called Strike 0-1: Ball 1-1: SOLO HOME RUN (Flyball, 78XD, EV 98.8 MPH), Distance : 398 ft
|
|
Batting: RHB Mitch Cuadros
|
0-0: Foul Ball, location: 2F 0-1: Ball 1-1: Ball 2-1: Swinging Strike 2-2: SOLO HOME RUN (Flyball, 78XD, EV 115.0 MPH), Distance : 427 ft
|
|
Batting: RHB Russ Cornett
|
0-0: Foul Ball, location: 2F 0-1: Ball 1-1: Ground out 1-3 (Groundball, 15S, EV 71.9 MPH)
|
|
Batting: RHB Billy Grubbs
|
0-0: Swinging Strike 0-1: Foul Ball, location: 2F 0-2: Strikes out swinging
|
|
Batting: RHB Tommy Ellington
|
0-0: Ball 1-0: Ball 2-0: Ball 3-0: Called Strike 3-1: Foul Ball, location: 2F 3-2: Ground out 5-3 (Groundball, 56, EV 82.5 MPH)
|
| Top of the 1st over - 2 runs, 2 hits, 0 errors, 0 left on base; Great Falls 2 - Seattle (APP) 0 |
| BOTTOM OF THE 1ST |
|
Seattle (APP) Mariners batting - Pitching for Great Falls Voyagers : LHP Jose Herrera
|
|
Pitching: LHP Jose Herrera
|
|
|
Batting: RHB Chris Van Niel
|
0-0: Called Strike 0-1: Ball 1-1: Ball 2-1: Ground out 6-3 (Groundball, 6, EV 102.5 MPH)
|
|
Batting: RHB Nick Edmunds
|
0-0: Called Strike 0-1: Ball 1-1: Foul Ball, location: 2F 1-2: Strikes out swinging
|
|
Batting: SHB Frank Amato
|
0-0: Called Strike 0-1: Ball 1-1: Ball 2-1: Foul Ball, location: 2F 2-2: Foul Ball, location: 2F 2-2: SOLO HOME RUN (Flyball, 78XD, EV 101.9 MPH), Distance : 403 ft
|
|
Batting: SHB Raghnall Ahearne
|
0-0: Foul Ball, location: 2F 0-1: Ball 1-1: Swinging Strike 1-2: SOLO HOME RUN (Flyball, 7D, EV 95.6 MPH), Distance : 371 ft
|
|
Batting: RHB Danny Pujols
|
0-0: Ball 1-0: Foul Ball, location: 2F 1-1: Ball 2-1: Foul Ball, location: 2F 2-2: Foul Ball, location: 2F 2-2: Strikes out swinging
|
| Bottom of the 1st over - 2 runs, 2 hits, 0 errors, 0 left on base; Great Falls 2 - Seattle (APP) 2 |
| TOP OF THE 2ND |
|
Great Falls Voyagers batting - Pitching for Seattle (APP) Mariners : LHP Ramiro Aguilar
|
|
Batting: SHB Veit Geisler
|
0-0: Foul Ball, location: 2F 0-1: Ball 1-1: SOLO HOME RUN (Flyball, 9D, EV 98.1 MPH), Distance : 376 ft
|
|
Batting: RHB Andy Cotton
|
0-0: SOLO HOME RUN (Flyball, 7D, EV 95.6 MPH), Distance : 359 ft
|
|
Batting: RHB David Laureano
|
0-0: Ball 1-0: Ground out U3 (Groundball, 3, EV 90.0 MPH)
|
|
Batting: RHB Enrique Gomez
|
0-0: Called Strike 0-1: Swinging Strike 0-2: Foul Ball, location: 2F 0-2: Ball 1-2: Foul Ball, location: 2F 1-2: Strikes out swinging
|
|
Batting: RHB Josiah Wright
|
0-0: Called Strike 0-1: Foul Ball, location: 2F 0-2: Ball 1-2: Ball 2-2: SOLO HOME RUN (Flyball, 78XD, EV 106.2 MPH), Distance : 425 ft
|
|
Batting: RHB Mitch Cuadros
|
0-0: Ball 1-0: Foul Ball, location: 2F 1-1: Foul Ball, location: 2F 1-2: Ball 2-2: SINGLE (Groundball, 56D, EV 104.4 MPH)
|
|
Batting: RHB Russ Cornett
|
0-0: Ball 1-0: Ball 2-0: Foul Ball, location: 2F 2-1: Ball 3-1: Base on Balls Mitch Cuadros to second
|
|
Pitching: RHP Luis Pantoja
|
|
|
Batting: RHB Billy Grubbs
|
0-0: Ball 1-0: Fly out, F8 (Flyball, 8RD, EV 93.8 MPH)
|
| Top of the 2nd over - 3 runs, 4 hits, 0 errors, 2 left on base; Great Falls 5 - Seattle (APP) 2 |
| BOTTOM OF THE 2ND |
|
Seattle (APP) Mariners batting - Pitching for Great Falls Voyagers : LHP Jose Herrera
|
|
Batting: RHB Omar Solis
|
0-0: Ball 1-0: Called Strike 1-1: Swinging Strike 1-2: Strikes out swinging
|
|
Batting: LHB Prince Nunley
|
0-0: Foul Ball, location: 2F 0-1: Ball 1-1: Ball 2-1: Reached on error, E4 (Groundball, 4, EV 97.5 MPH)
|
|
Batting: RHB Ziven Badersky
|
0-0: Called Strike 0-1: Ball 1-1: Swinging Strike 1-2: Ball 2-2: Strikes out swinging
|
|
Batting: RHB Perry Renouf
|
0-0: Called Strike 0-1: Ball 1-1: Called Strike 1-2: Foul Ball, location: 2F 1-2: Strikes out looking
|
| Bottom of the 2nd over - 0 runs, 0 hits, 1 error, 1 left on base; Great Falls 5 - Seattle (APP) 2 |
| TOP OF THE 3RD |
|
Great Falls Voyagers batting - Pitching for Seattle (APP) Mariners : RHP Luis Pantoja
|
|
Batting: RHB Tommy Ellington
|
0-0: Ball 1-0: Swinging Strike 1-1: Foul Ball, location: 2F 1-2: Ball 2-2: Ball 3-2: Foul Ball, location: 2F 3-2: Strikes out looking
|
|
Batting: SHB Veit Geisler
|
0-0: Called Strike 0-1: Swinging Strike 0-2: Foul Ball, location: 2F 0-2: Ball 1-2: Strikes out swinging
|
|
Batting: RHB Andy Cotton
|
0-0: Ball 1-0: Foul Ball, location: 2F 1-1: Called Strike 1-2: Ball 2-2: Ground out 3-1 (Groundball, 34, EV 81.9 MPH)
|
| Top of the 3rd over - 0 runs, 0 hits, 0 errors, 0 left on base; Great Falls 5 - Seattle (APP) 2 |
| BOTTOM OF THE 3RD |
|
Seattle (APP) Mariners batting - Pitching for Great Falls Voyagers : LHP Jose Herrera
|
|
Batting: RHB Chris Van Niel
|
0-0: Ball 1-0: Ball 2-0: Ball 3-0: Base on Balls
|
|
Batting: RHB Nick Edmunds
|
0-0: Ball 1-0: Ball 2-0: Ball 3-0: Called Strike 3-1: Called Strike 3-2: Base on Balls Chris Van Niel to second
|
|
Batting: SHB Frank Amato
|
0-0: Ball 1-0: TRIPLE (Line Drive, 89XD, EV 100.6 MPH) Chris Van Niel scores Nick Edmunds scores
|
|
Batting: SHB Raghnall Ahearne
|
0-0: Called Strike 0-1: Ball 1-1: Foul Ball, location: 2F 1-2: Ball 2-2: Ball 3-2: Base on Balls
|
|
Batting: RHB Danny Pujols
|
0-0: Called Strike 0-1: Ball Raghnall Ahearne is caught stealing 2nd base 2-4 1-1: Foul Ball, location: 2F 1-2: Ball 2-2: 2-RUN HOME RUN (Flyball, 78XD, EV 102.5 MPH), Distance : 415 ft
|
|
Pitching: LHP Tom White
|
|
|
Batting: RHB Omar Solis
|
0-0: Ball 1-0: Ground out 5-3 (Groundball, 56S, EV 70.6 MPH)
|
|
Batting: LHB Prince Nunley
|
0-0: Ball 1-0: Foul Ball, location: 2F 1-1: Ball 2-1: Ball 3-1: Base on Balls
|
|
Batting: RHB Ziven Badersky
|
0-0: Swinging Strike 0-1: Ball 1-1: Fielders Choice at 2nd, 6-4 (Groundball, 6, EV 76.9 MPH)
|
| Bottom of the 3rd over - 4 runs, 2 hits, 0 errors, 1 left on base; Great Falls 5 - Seattle (APP) 6 |
| TOP OF THE 4TH |
|
Great Falls Voyagers batting - Pitching for Seattle (APP) Mariners : RHP Luis Pantoja
|
|
Batting: RHB David Laureano
|
0-0: Ball 1-0: Ball 2-0: Foul Ball, location: 2F 2-1: Ball 3-1: Ground out U3 (Groundball, 34S, EV 68.8 MPH)
|
|
Batting: RHB Enrique Gomez
|
0-0: Called Strike 0-1: Swinging Strike 0-2: Foul Ball, location: 2F 0-2: Ball 1-2: Strikes out looking
|
|
Batting: RHB Josiah Wright
|
0-0: Ball 1-0: Called Strike 1-1: Foul Ball, location: 2F 1-2: Foul Ball, location: 2F 1-2: Ground out 5-3 (Groundball, 56, EV 90.6 MPH)
|
| Top of the 4th over - 0 runs, 0 hits, 0 errors, 0 left on base; Great Falls 5 - Seattle (APP) 6 |
| BOTTOM OF THE 4TH |
|
Seattle (APP) Mariners batting - Pitching for Great Falls Voyagers : LHP Tom White
|
|
Batting: RHB Perry Renouf
|
0-0: Fly out, F6 (Line Drive, 6, EV 67.5 MPH)
|
|
Batting: RHB Chris Van Niel
|
0-0: Ball 1-0: Ball 2-0: Fly out, F7 (Flyball, 7S, EV 76.9 MPH)
|
|
Batting: RHB Nick Edmunds
|
0-0: Foul Ball, location: 2F 0-1: Called Strike 0-2: Strikes out swinging
|
| Bottom of the 4th over - 0 runs, 0 hits, 0 errors, 0 left on base; Great Falls 5 - Seattle (APP) 6 |
| TOP OF THE 5TH |
|
Great Falls Voyagers batting - Pitching for Seattle (APP) Mariners : RHP Luis Pantoja
|
|
Batting: RHB Mitch Cuadros
|
0-0: Called Strike 0-1: Ball 1-1: Foul Ball, location: 2F 1-2: Strikes out swinging
|
|
Batting: RHB Russ Cornett
|
0-0: Ball 1-0: Swinging Strike 1-1: Foul Ball, location: 2F 1-2: Foul Ball, location: 2F 1-2: Strikes out swinging
|
|
Batting: RHB Billy Grubbs
|
0-0: Ball 1-0: Ball 2-0: Ball 3-0: Base on Balls
|
|
Pitching: LHP Adam Schmidt
|
|
|
Batting: RHB Tommy Ellington
|
0-0: Fly out, F8 (Flyball, 8RD, EV 91.9 MPH)
|
| Top of the 5th over - 0 runs, 0 hits, 0 errors, 1 left on base; Great Falls 5 - Seattle (APP) 6 |
| BOTTOM OF THE 5TH |
|
Seattle (APP) Mariners batting - Pitching for Great Falls Voyagers : LHP Tom White
|
|
Pitching: LHP Nick Hamlin
|
|
|
Batting: SHB Frank Amato
|
0-0: Called Strike 0-1: Swinging Strike 0-2: Foul Ball, location: 2F 0-2: Ball 1-2: Strikes out looking
|
|
Batting: SHB Raghnall Ahearne
|
0-0: Called Strike 0-1: Called Strike 0-2: Ball 1-2: Foul Ball, location: 2F 1-2: Foul Ball, location: 2F 1-2: Strikes out swinging
|
|
Batting: RHB Danny Pujols
|
0-0: Ball 1-0: Called Strike 1-1: Called Strike 1-2: Strikes out swinging
|
| Bottom of the 5th over - 0 runs, 0 hits, 0 errors, 0 left on base; Great Falls 5 - Seattle (APP) 6 |
| TOP OF THE 6TH |
|
Great Falls Voyagers batting - Pitching for Seattle (APP) Mariners : LHP Adam Schmidt
|
|
Batting: SHB Veit Geisler
|
0-0: Bunt for hit to 25 - play at first, batter safe!
|
|
Batting: RHB Andy Cotton
|
0-0: Foul Ball, location: 2F 0-1: Foul Ball, location: 2F 0-2: SINGLE (Groundball, 6S, EV 74.4 MPH) (infield hit) Veit Geisler to second
|
|
Batting: RHB David Laureano
|
0-0: Ball 1-0: Ball 2-0: Foul Ball, location: 2F 2-1: Ball 3-1: Base on Balls Veit Geisler to third Andy Cotton to second
|
|
Batting: RHB Enrique Gomez
|
0-0: Foul Ball, location: 2F 0-1: Foul Ball, location: 2F 0-2: Ball 1-2: Foul Ball, location: 2F 1-2: Ball 2-2: Strikes out swinging
|
|
Batting: RHB Josiah Wright
|
0-0: Ball 1-0: Ball 2-0: Ball 3-0: Called Strike 3-1: Base on Balls Veit Geisler scores Andy Cotton to third David Laureano to second
|
|
Pitching: RHP Bryce Blanksby
|
|
|
Batting: RHB Mitch Cuadros
|
0-0: Ball 1-0: Ball 2-0: Ball 3-0: Base on Balls Andy Cotton scores David Laureano to third Josiah Wright to second
|
|
Batting: RHB Russ Cornett
|
0-0: Called Strike 0-1: Ball 1-1: Ball 2-1: Ball 3-1: Base on Balls David Laureano scores Josiah Wright to third Mitch Cuadros to second
|
|
Batting: RHB Billy Grubbs
|
0-0: Called Strike 0-1: Foul Ball, location: 2F 0-2: SINGLE (Groundball, 6MD, EV 98.1 MPH) Josiah Wright scores Mitch Cuadros to third Russ Cornett to second Runner from 3rd tries for Home, SAFE, throw by CF to home
|
|
Batting: RHB Tommy Ellington
|
0-0: Ball Russ Cornett is caught stealing 3rd base 2-5 1-0: Foul Ball, location: 2F 1-1: SINGLE (Groundball, 25, EV 70.0 MPH) (infield hit) Billy Grubbs to second
|
|
Batting: SHB Veit Geisler
|
0-0: Foul Ball, location: 2F 0-1: Foul Ball, location: 2F 0-2: Ball 1-2: Ball 2-2: Strikes out swinging
|
| Top of the 6th over - 5 runs, 4 hits, 0 errors, 2 left on base; Great Falls 10 - Seattle (APP) 6 |
| BOTTOM OF THE 6TH |
|
Seattle (APP) Mariners batting - Pitching for Great Falls Voyagers : LHP Nick Hamlin
|
|
Batting: RHB Omar Solis
|
0-0: Foul Ball, location: 2F 0-1: Fly out, F7 (Line Drive, 7LM, EV 90.0 MPH)
|
|
Batting: LHB Prince Nunley
|
0-0: Hit by Pitch
|
|
Batting: RHB Ziven Badersky
|
0-0: Ball 1-0: Ball 2-0: Ball 3-0: Base on Balls Prince Nunley to second
|
|
Batting: RHB Perry Renouf
|
0-0: Ball 1-0: Ball 2-0: Ball 3-0: Called Strike 3-1: Base on Balls Prince Nunley to third Ziven Badersky to second
|
|
Batting: RHB Chris Van Niel
|
0-0: Called Strike 0-1: Ball 1-1: SINGLE (Line Drive, 4MD, EV 104.4 MPH) Prince Nunley scores Ziven Badersky to third Perry Renouf to second Runner from 3rd tries for Home, SAFE, throw by CF to home
|
|
Batting: RHB Nick Edmunds
|
0-0: Ball 1-0: Called Strike 1-1: Ball 2-1: Fly out, F8 (Flyball, 89D, EV 95.6 MPH) Runner from 2nd tags up, SAFE at 3rd, no throw by CF
|
|
Batting: SHB Frank Amato
|
0-0: Ball 1-0: Foul Ball, location: 2F 1-1: Foul Ball, location: 2F 1-2: Fielders Choice at 2nd, 6-4 (Groundball, 56, EV 85.6 MPH)
|
| Bottom of the 6th over - 2 runs, 1 hit, 0 errors, 2 left on base; Great Falls 10 - Seattle (APP) 8 |
| TOP OF THE 7TH |
|
Great Falls Voyagers batting - Pitching for Seattle (APP) Mariners : RHP Bryce Blanksby
|
|
Pitching: RHP Domingo Maldonado
|
|
|
Batting: RHB Andy Cotton
|
0-0: SOLO HOME RUN (Flyball, 9D, EV 97.5 MPH), Distance : 368 ft
|
|
Batting: RHB David Laureano
|
0-0: Ball 1-0: Foul Ball, location: 2F 1-1: Hit by Pitch
|
|
Batting: RHB Enrique Gomez
|
0-0: Fielders Choice at 2nd, 6-4 (Groundball, 6, EV 106.9 MPH)
|
|
Batting: RHB Josiah Wright
|
0-0: Ball Enrique Gomez steals 2nd base (no throw) 1-0: Ball 2-0: Ball 3-0: Called Strike 3-1: Base on Balls
|
|
Batting: RHB Mitch Cuadros
|
0-0: Foul Ball, location: 2F 0-1: Called Strike 0-2: Ball 1-2: 3-RUN HOME RUN (Flyball, 7LD, EV 94.4 MPH), Distance : 334 ft
|
|
Pitching: RHP Eric Dixon
|
|
|
Batting: RHB Russ Cornett
|
0-0: Ball 1-0: Foul Ball, location: 2F 1-1: Ball 2-1: Called Strike 2-2: Ball 3-2: Foul Ball, location: 2F 3-2: Foul Ball, location: 2F 3-2: Base on Balls
|
|
Batting: RHB Billy Grubbs
|
0-0: DOUBLE (Line Drive, 7LS, EV 101.2 MPH) Russ Cornett to third Runner from 3rd tries for Home, throw by LF and OUT! 7-6-2 Billy Grubbs to third
|
|
Batting: RHB Tommy Ellington
|
0-0: Called Strike 0-1: Foul Ball, location: 2F 0-2: Ball 1-2: Ball 2-2: Strikes out looking
|
| Top of the 7th over - 4 runs, 3 hits, 0 errors, 1 left on base; Great Falls 14 - Seattle (APP) 8 |
| BOTTOM OF THE 7TH |
|
Seattle (APP) Mariners batting - Pitching for Great Falls Voyagers : LHP Nick Hamlin
|
|
Batting: SHB Raghnall Ahearne
|
0-0: Swinging Strike 0-1: Swinging Strike 0-2: Ball 1-2: Foul Ball, location: 2F 1-2: Strikes out swinging
|
|
Batting: RHB Danny Pujols
|
0-0: Swinging Strike 0-1: Ball 1-1: Swinging Strike 1-2: Ball 2-2: Foul Ball, location: 2F 2-2: Strikes out swinging
|
|
Batting: RHB Omar Solis
|
0-0: Ball 1-0: Ball 2-0: Ball 3-0: Base on Balls
|
|
Batting: LHB Prince Nunley
|
0-0: Foul Ball, location: 2F 0-1: Swinging Strike 0-2: Strikes out swinging
|
| Bottom of the 7th over - 0 runs, 0 hits, 0 errors, 1 left on base; Great Falls 14 - Seattle (APP) 8 |
| TOP OF THE 8TH |
|
Great Falls Voyagers batting - Pitching for Seattle (APP) Mariners : RHP Eric Dixon
|
|
Batting: SHB Veit Geisler
|
0-0: Ball 1-0: Swinging Strike 1-1: Swinging Strike 1-2: Foul Ball, location: 2F 1-2: Ball 2-2: Strikes out swinging
|
|
Pitching: RHP Frank Cabrera
|
|
|
Batting: RHB Andy Cotton
|
0-0: Ball 1-0: Ball 2-0: Called Strike 2-1: Ball 3-1: Base on Balls
|
|
Batting: RHB David Laureano
|
0-0: Ball 1-0: Called Strike 1-1: Ball Andy Cotton steals 2nd base (no throw) 2-1: Ball 3-1: Called Strike 3-2: SINGLE (Line Drive, 56, EV 96.2 MPH) Andy Cotton to third
|
|
Batting: RHB Enrique Gomez
|
0-0: Foul Ball, location: 2F 0-1: Ball 1-1: Ball 2-1: Foul Ball, location: 2F 2-2: Foul Ball, location: 2F 2-2: Strikes out looking
|
|
Batting: RHB Josiah Wright
|
0-0: Ball 1-0: Ball 2-0: Called Strike 2-1: Ball 3-1: Base on Balls David Laureano to second
|
|
Pitching: RHP Mario Mata
|
|
|
Batting: RHB Mitch Cuadros
|
0-0: Ball 1-0: Called Strike 1-1: Ball 2-1: Fly out, F7 (Flyball, 7, EV 83.8 MPH)
|
| Top of the 8th over - 0 runs, 1 hit, 0 errors, 3 left on base; Great Falls 14 - Seattle (APP) 8 |
| BOTTOM OF THE 8TH |
|
Seattle (APP) Mariners batting - Pitching for Great Falls Voyagers : LHP Nick Hamlin
|
|
Pitching: RHP Chris Myers
|
|
|
Pinch Hitting: LHB Chang Huie
|
0-0: Ball 1-0: Ball 2-0: Ball 3-0: Called Strike 3-1: Base on Balls
|
|
Pinch Hitting: RHB John Vasquez
|
0-0: Reached on error, E6 (Groundball, 6, EV 94.4 MPH) Chang Huie to second
|
|
Batting: RHB Chris Van Niel
|
0-0: Ball 1-0: Grounds into double play, 6-4-3 (Groundball, 6, EV 88.8 MPH) Chang Huie to third
|
|
Batting: RHB Nick Edmunds
|
0-0: Called Strike 0-1: Ball 1-1: Foul Ball, location: 2F 1-2: Ball Wild Pitch! Chang Huie scores 2-2: Foul Ball, location: 2F 2-2: Ball 3-2: Base on Balls
|
|
Batting: SHB Frank Amato
|
0-0: Ball 1-0: Called Strike 1-1: 2-RUN HOME RUN (Flyball, 9LD, EV 91.2 MPH), Distance : 327 ft
|
|
Pitching: LHP Rodolfo Valencia
|
|
|
Batting: SHB Raghnall Ahearne
|
0-0: Ball 1-0: Called Strike 1-1: Ball 2-1: Foul Ball, location: 2F 2-2: Strikes out swinging
|
| Bottom of the 8th over - 3 runs, 1 hit, 1 error, 0 left on base; Great Falls 14 - Seattle (APP) 11 |
| TOP OF THE 9TH |
|
Great Falls Voyagers batting - Pitching for Seattle (APP) Mariners : RHP Mario Mata
|
|
Now at 2B: Danny Pujols
|
|
|
Now at 3B: Chang Huie
|
|
|
Now in RF: John Vasquez
|
|
|
Batting: RHB Russ Cornett
|
0-0: Foul Ball, location: 2F 0-1: Swinging Strike 0-2: Ball 1-2: Ball 2-2: Foul Ball, location: 2F 2-2: Ground out 5-3 (Groundball, 5, EV 79.4 MPH)
|
|
Batting: RHB Billy Grubbs
|
0-0: Foul Ball, location: 2F 0-1: Foul Ball, location: 2F 0-2: SOLO HOME RUN (Flyball, 9D, EV 103.1 MPH), Distance : 380 ft
|
|
Batting: RHB Tommy Ellington
|
0-0: Called Strike 0-1: SINGLE (Popup, 4D, EV 60.0 MPH)
|
|
Batting: SHB Veit Geisler
|
0-0: Ball 1-0: Swinging Strike 1-1: Swinging Strike 1-2: Strikes out swinging
|
|
Batting: RHB Andy Cotton
|
0-0: Called Strike 0-1: Ball 1-1: Ball 2-1: Ball 3-1: Base on Balls Tommy Ellington to second
|
|
Batting: RHB David Laureano
|
0-0: Ball 1-0: Ball 2-0: Ball 3-0: Called Strike 3-1: Foul Ball, location: 2F 3-2: Foul Ball, location: 2F 3-2: SINGLE (Groundball, 6D, EV 103.1 MPH) Tommy Ellington to third Andy Cotton to second Tommy Ellington scores Andy Cotton to third
|
|
Batting: RHB Enrique Gomez
|
0-0: Foul Ball, location: 2F 0-1: Ball 1-1: Ball 2-1: Fielders Choice at 2nd, 6-4 (Groundball, 6, EV 109.4 MPH)
|
| Top of the 9th over - 2 runs, 3 hits, 0 errors, 2 left on base; Great Falls 16 - Seattle (APP) 11 |
| BOTTOM OF THE 9TH |
|
Seattle (APP) Mariners batting - Pitching for Great Falls Voyagers : LHP Rodolfo Valencia
|
|
Batting: RHB Danny Pujols
|
0-0: Ball 1-0: Called Strike 1-1: Called Strike 1-2: Strikes out swinging
|
|
Batting: RHB Omar Solis
|
0-0: Called Strike 0-1: Ball 1-1: Ground out 6-3 (Groundball, 6M, EV 82.5 MPH)
|
|
Batting: LHB Prince Nunley
|
0-0: Called Strike 0-1: Ground out 4-3 (Groundball, 4D, EV 107.5 MPH)
|
| Bottom of the 9th over - 0 runs, 0 hits, 0 errors, 0 left on base; Great Falls 16 - Seattle (APP) 11 |
|